 Dungeon Crawl Stone Soup version 0.17.0-15-g6d90897 (console) character file.

91 gw the Twirler (level 4, -3/27 HPs)
             Began as a Tengu Gladiator on Nov 11, 2015.
             Slain by Sigmund
             ... wielding a +0 scythe
              (11 damage)
             ... on level 3 of the Dungeon.
             The game lasted 00:01:54 (2246 turns).

gw the Twirler (Tengu Gladiator)                    Turns: 2246, Time: 00:01:54

Health: -3/27      AC:  6    Str: 16    XL:     4   Next: 57%
Magic:  5/5        EV: 12    Int:  8    God:
Gold:   61         SH:  0    Dex: 15    Spells: 0 memorised, 3 levels left

rFire  . . .     SeeInvis .     a - +0 quarterstaff
rCold  . . .     Clarity  .     h - +0 ring mail
rNeg   . . .     SustAt   .     (shield currently unavailable)
rPois  .         Gourm    .     c - +0 hat
rElec  .         Spirit   .     (no cloak)
rCorr  .         Warding  .     g - +0 pair of gloves
rMut   .         Stasis   .     (boots unavailable)
MR     .....                    (no amulet)
Stlth  ..........               (no ring)
                                (no ring)

@: confused, not resistant to hostile enchantments, extremely unstealthy
A: beak, talons 3
a: no special abilities


You were on level 3 of the Dungeon.
You were not hungry.

You visited 1 branch of the dungeon, and saw 3 of its levels.

You collected 61 gold pieces.

Inventory:

Hand Weapons
 a - a +0 quarterstaff (weapon)
Missiles
 b - 34 stones (quivered)
 d - 3 throwing nets
Armour
 c - a +0 hat (worn)
 g - a +0 pair of gloves (worn)
 h - a +0 ring mail (worn)
Comestibles
 e - 3 bread rations


   Skills:
 + Level 2.8 Fighting
 * Level 4.5 Staves
 + Level 2.6 Throwing
 + Level 3.6 Dodging


You had 3 spell levels left.
You didn't know any spells.

Dungeon Overview and Level Annotations

Branches:
Dungeon (3/15)

Altars:
Ru

Annotations:
D:3 Sigmund


Innate Abilities, Weirdness & Mutations

You have a beak for a mouth.
You have claws for feet.


Message History

ATTACKING (1,0)
You swing at nothing.
You hear a zap.
A puff of flame appears from out of thin air!
The puff of flame hits you!
Unknown command.
Unknown command.
Unknown command.
Unknown command.
ATTACKING (1,0)
You swing at nothing.
You hear some strange, mumbled words.
You are confused.
Unknown command.
Unknown command.
Unknown command.
Unknown command.
ATTACK MOVE TO (1,0)
You bump into the rock wall.
Something hits you!
You die...

###.....#
.......##
###.......#
+.........#
#...#...###
#..<@....@.
#{#.###.###
#.#.###.#
#Q)$....#
###.#####
#.# #.# #.#
... #.# ...
...


There were no monsters in sight!

Table legend:
 A = Turns spent in this place as a percentage of turns spent in the entire game.
 B = Non-inter-level travel turns spent in this place as a percentage of non-inter-level travel turns spent in the entire game.
 C = Inter-level travel turns spent in this place as a percentage of turns spent in this place.
 D = Turns resting spent in this place as a percentage of non-inter-level travel turns spent in this place.
 E = Turns spent auto-exploring this place as a percentage of non-inter-level travel turns spent in this place.
 F = Non-inter-level travel turns spent in this place divided by the number of levels of this place that you've seen.
                   A       B       C       D       E      F
               +-------+-------+-------+-------+-------+----------------------
         Total | 100.0 | 100.0 |   0.5 |   1.3 |   2.8 | 900.0
       Dungeon | 100.0 | 100.0 |   0.5 |   1.3 |   2.8 | 900.0
               +-------+-------+-------+-------+-------+----------------------

Table legend:
 A = Kills in this place as a percentage of kills in entire the game.
 B = Kills by you in this place as a percentage of kills by you in the entire game.
 C = Kills by friends in this place as a percentage of kills by friends in the entire game.
 D = Other kills in this place as a percentage of other kills in the entire game.
 E = Experience gained in this place as a percentage of experience gained in the entire game.
 F = Experience gained in this place divided by the number of levels of this place that you have seen.
                   A       B       C       D       E      F
               +-------+-------+-------+-------+-------+----------------------
         Total | 100.0 | 100.0 |  -nan |  -nan | 100.0 |  43.3
       Dungeon | 100.0 | 100.0 |  -nan |  -nan | 100.0 |  43.3
               +-------+-------+-------+-------+-------+----------------------

Vanquished Creatures
  5 adders
  3 worms (D:2)
  A giant gecko (D:1)
  A ball python (D:1)
  3 bats
  3 giant cockroaches
  7 hobgoblins
  3 giant newts
  2 goblins
  4 jackals (D:2)
  9 kobolds
  4 rats (D:1)
45 creatures vanquished.

Notes
Turn   | Place    | Note
--------------------------------------------------------------
     0 | D:1      | gw the Tengu Gladiator began the quest for the Orb.
     0 | D:1      | Reached XP level 1. HP: 12/12 MP: 2/2
   171 | D:1      | Reached XP level 2. HP: 15/17 MP: 3/3
  1135 | D:2      | Reached XP level 3. HP: 20/22 MP: 4/4
  1366 | D:2      | Reached skill level 4 in Staves
  1401 | D:2      | Found a sacrificial altar of Ru.
  1566 | D:2      | Reached XP level 4. HP: 23/27 MP: 5/5
  1740 | D:2      | Found a faded altar to an unknown god.
  2230 | D:3      | Noticed Sigmund
  2246 | D:3      | Slain by Sigmund

Action                   |  1- 3 |  4- 6 || total
-------------------------+-------+-------++-------
Melee: Quarterstaff      |    53 |    35 ||    88
Throw: Stone             |    25 |    23 ||    48
  Eat: Chunk             |     2 |     2 ||     4

Vault maps used:
D:1:      scummos_arrival_star
D:2:      ecumenical_altar_1, nicolae_ru_sacrificial_ziggurat
D:3:      nicolae_tso_swordbearing_angel, uniq_sigmund
